 Dungeon Crawl Stone Soup version 0.20-a0-850-ge5a7832 (webtiles) character file.

724 Alarkh the Slasher (level 7, -1/49 HPs)
             Began as a Demonspawn Fighter on Mar 10, 2017.
             Was an Initiate of Okawaru.
             Killed by nerve-wracking pain
             ... invoked by an orc priest
              (9 damage)
             ... on level 5 of the Dungeon.
             The game lasted 00:04:28 (4979 turns).

Alarkh the Slasher (Demonspawn Fighter)             Turns: 4979, Time: 00:04:29

Health: -1/49      AC:  7    Str: 21    XL:     7   Next: 43%
Magic:  7/7        EV:  9    Int: 11    God:    Okawaru [......]
Gold:   255        SH: 10    Dex: 15    Spells: 6/6 levels left

rFire    . . .     SeeInvis .   a - +0 long sword
rCold    . . .     Gourm    .   b - +0 scale mail
rNeg     . . .     Faith    .   c - +0 shield
rPois    +         Spirit   .   (helmet restricted)
rElec    .         Reflect  .   (no cloak)
rCorr    .         Harm     .   (no gloves)
MR       +....                  (no boots)
Stlth    ..........             (no amulet)
Regen    0.2/turn               h - ring of protection from magic
MPRegen  0.1/turn               s - ring of poison resistance

@: mighty
A: hooves 1, horns 1, agile 1, frail 1, powered by pain 1
a: Renounce Religion


You were on level 5 of the Dungeon.
You worshipped Okawaru.
Okawaru was noncommittal.
You were hungry.

You visited 2 branches of the dungeon, and saw 6 of its levels.

You collected 255 gold pieces.

Inventory:

Hand Weapons
 a - a +0 long sword (weapon)
Armour
 b - a +0 scale mail (worn)
 c - a +0 shield (worn)
Jewellery
 h - a ring of protection from magic (right hand)
 r - an uncursed ring of wizardry
 s - a ring of poison resistance (left hand)
Wands
 o - a wand of digging (11/24)
 t - a wand of acid (7/15)
Scrolls
 e - 3 scrolls of identify
 g - 2 scrolls of amnesia
 i - 2 scrolls of remove curse
 j - 3 scrolls of teleportation
 m - 3 scrolls of fog
 n - a scroll of enchant armour
Potions
 d - 2 potions of brilliance
 q - a potion of curing
Comestibles
 f - 6 bread rations
 k - a fruit
 l - 4 royal jellies


   Skills:
 + Level 4.4 Fighting
 * Level 4.5 Long Blades
 + Level 4.0 Armour
 + Level 2.6 Dodging
 + Level 4.2 Shields


You had 6 spell levels left.
You didn't know any spells.

Dungeon Overview and Level Annotations

Branches:
Dungeon (5/15)             Temple (1/1) D:5

Altars:
Ashenzari
Cheibriados
Dithmenos
Elyvilon
Gozag
Hepliaklqana
Kikubaaqudgha
Makhleb
Okawaru
Qazlal
Sif Muna
Trog
Uskayaw
Vehumet
Zin
The Shining One


Innate Abilities, Weirdness & Mutations

You have large cloven feet.
You have a pair of small horns on your head.
You sometimes gain a little power by taking damage.
You are agile. (Dex +2)
You are frail. (-10% HP)


Message History

You slash the iguana!
You kill the iguana!
Okawaru accepts your kill.
A hound comes into view.
The hound barks!
The hound moves out of view.
Found 18 arrows and a glowing leather armour.
You slice the hound!!
You kill the hound!
Okawaru accepts your kill.
Your Armour skill increases to level 4!
An orc priest comes into view. It is wielding a hand axe.
The orc priest shouts!
You block the orc priest's attack.
You see here a glowing leather armour.
You slash the orc priest! Your kick misses the orc priest.
The orc priest is almost dead.
The orc priest mumbles some strange prayers to Beogh against you.
Pain shoots through your body!
You die...

#### ... .. .# #.
.#.#
##o######....#
###..@.........#
.....(.#.####....#
#####..#.## #.#
#...).######.####
#<..............#
#.....######.##)#
#...............#
#.##.........##.#
#. #.##########.#


You could see an orc priest.

Vanquished Creatures
  The ghost of murphy the Covert, a novice VSAs of Ru (D:4)
  An ice beast (D:4)
  2 orc wizards (D:4)
  2 hounds
  A bullfrog skeleton (D:5)
  An iguana (D:5)
  2 worker ants
  Natasha (thrice) (D:2)
  A gnoll (D:1)
  2 adders
  A worm (D:4)
  A dart slug (D:3)
  A leopard gecko (D:2)
  6 orcs
  5 giant cockroaches
  6 goblins
  8 hobgoblins
  5 jackals
  4 quokkas
  4 ball pythons
  2 bats
  3 frilled lizards
  12 kobolds
  8 rats
  2 bushes (D:1)
84 creatures vanquished.

Vanquished Creatures (others)
  4 toadstools (D:1)
4 creatures vanquished.

Grand Total: 88 creatures vanquished

Notes
Turn   | Place    | Note
-------+----------+-------------------------------------------
     0 | D:1      | Alarkh the Demonspawn Fighter began the quest for the Orb.
     0 | D:1      | Reached XP level 1. HP: 18/18 MP: 1/1
   488 | D:1      | Gained mutation: You have a pair of small horns on your head. [demonic ancestry]
   488 | D:1      | Reached XP level 2. HP: 22/24 MP: 2/2
  1080 | D:1      | Reached XP level 3. HP: 27/29 MP: 3/3
  1604 | D:2      | Noticed Natasha
  1612 | D:2      | Killed Natasha
  1753 | D:2      | Noticed Natasha
  1760 | D:2      | Killed Natasha
  1760 | D:2      | Reached skill level 1 in Dodging
  1760 | D:2      | Gained mutation: You sometimes gain a little power by taking damage. [demonic ancestry]
  1760 | D:2      | Reached XP level 4. HP: 25/35 MP: 4/4
  1785 | D:2      | Noticed Natasha
  1789 | D:2      | Gained mutation: You are frail. (-10% HP) [potion of mutation]
  1789 | D:2      | Gained mutation: You are agile. (Dex +2) [potion of mutation]
  1807 | D:2      | Killed Natasha
  2161 | D:2      | Found a deep blue altar of Sif Muna.
  2679 | D:3      | Reached XP level 5. HP: 14/37 MP: 5/5
  3438 | D:4      | Noticed murphy's ghost (novice VSAs)
  3452 | D:4      | Killed murphy's ghost
  3452 | D:4      | Gained mutation: You have large cloven feet. [demonic ancestry]
  3452 | D:4      | Reached XP level 6. HP: 29/43 MP: 6/6
  4231 | D:4      | Noticed an ice beast
  4243 | D:4      | Killed an ice beast
  4243 | D:4      | Reached XP level 7. HP: 49/49 MP: 7/7
  4316 | D:4      | Found a shattered altar of Ashenzari.
  4316 | D:4      | Found a glowing golden altar of the Shining One.
  4449 | D:4      | Found a burning altar of Makhleb.
  4787 | D:5      | Entered Level 5 of the Dungeon
  4793 | D:5      | Found a staircase to the Ecumenical Temple.
  4841 | Temple   | Entered the Ecumenical Temple
  4898 | Temple   | Became a worshipper of Warmaster Okawaru
  4979 | D:5      | Killed from afar by an orc priest

Vault maps used:
D:1:      ldierk_walled_garden_2, serial_forest, infiniplex_forest_zigzag_1,
          infiniplex_forest_split, infiniplex_forest_corner_1,
          infiniplex_forest_straight_4, infiniplex_forest_pool,
          infiniplex_forest_lined_1, solitary_fountain
D:2:      led_sif_pool, st_stairs_6, uniq_natasha
D:3:      minmay_misc_feat_nine_boxes, kennysheep_boxes
D:4:      gammafunk_temple_overflow_elements, first_bread,
          makhleb_blood_cavern_becter
D:5:      temple_fountains, portal_sewer_entry_e, serial_bayou_pond_d
Temple:   nicolae_temple_god_jail

Skill      XL: |  1  2  3  4  5  6  7 |
---------------+----------------------+-----
Long Blades    | 2 3 4 |  4.5
Shields        | 3 4 |  4.2
Armour         | 3 4 |  4.0
Dodging        | 1 2 |  2.6
Fighting       | 4 |  4.4

Action                   |  1- 3 |  4- 6 |  7- 9 || total
-------------------------+-------+-------+-------++-------
Melee: Long sword        |   208 |   175 |    39 ||   422
       Headbutt          |    39 |    46 |     9 ||    94
       Kick              |       |    17 |    11 ||    28
  Use: Potion            |     1 |     6 |     1 ||     8
       Scroll            |       |     4 |     1 ||     5
 Stab: Invisible         |       |     1 |       ||     1
  Eat: Chunk             |     3 |     8 |     2 ||    13
Armor: Scale mail        |    23 |    70 |     8 ||   101
       Skin              |       |     6 |       ||     6
Dodge: Dodged            |    24 |    64 |    13 ||   101
Block: Shield            |    45 |   113 |    23 ||   181
       Rpst.: Long sword |     7 |    20 |     6 ||    33
